Map: Blackpink LE

Players

erL

  • Race: Terran Terran
  • Spawn Location: 1:00

Chendar - Winner!

  • Race: Zerg Zerg
  • Spawn Location: 7:00

Event: WCS Leipzig 2018

VOD

Have the link to the VOD?

Description

Time

  • Played on: Jan. 26, 2018, 7:16 a.m.
  • Length: 13:24

All games in this series

Show
View Real Time Build Order
Export as new Build Order

erL Terran 

Build Orders: Gas First Reaper Expand, Liberator Opening, Reaper Expand, Mech 

Get SALT Encoding   

  12  0:01  SCV  
  13  0:13  SCV  
  14  0:17  Supply Depot  
  14  0:25  SCV  
  14  0:28  Refinery  
  15  0:39  SCV  
  16  0:46  Barracks  
  16  0:51  SCV  
  17  1:03  SCV  
  18  1:15  SCV  
  19  1:32  Orbital Command  
  19  1:33  Reaper  
  20  2:00  Command Center  
  20  2:02  SCV  
  20  2:07  Barracks Reactor  
  20  2:08  Factory  
  21  2:14  SCV  
  22  2:24  Supply Depot  
  22  2:26  SCV  
  23  2:30  Refinery  
  23  2:45  SCV, Marine x2  
  26  2:54  Starport  
  26  2:55  Hellion  
  26  2:57  SCV  
  29  3:03  Marine  
  29  3:05  Marine  
  30  3:12  SCV  
  32  3:16  Cyclone  
  35  3:27  SCV, Orbital Command  
  36  3:33  Medivac  
  37  3:39  SCV, Supply Depot  
  38  3:46  Liberator  
  38  3:51  SCV  
  39  3:56  SCV  
  40  4:03  SCV  
  40  4:07  Hellion x2, Supply Depot  
  40  4:08  SCV  
  49  4:15  SCV  
  50  4:20  SCV  
  51  4:27  SCV  
  51  4:28  Hellion x2  
  51  4:30  Supply Depot  
  56  4:32  SCV  
  55  4:39  SCV  
  55  4:44  SCV  
  57  4:48  Command Center  
  57  4:50  Hellion  
  57  4:51  SCV  
  57  5:07  SCV x2  
  57  5:09  Hellion, Refinery  
  57  5:10  Refinery  
  57  5:12  Hellion  
  57  5:19  SCV x2  
  59  5:25  Armory  
  59  5:27  Armory  
  59  5:31  Hellion, SCV x2  
  59  5:33  Hellion  
  65  5:43  SCV, Barracks Tech Lab, Starport Tech Lab  
  65  5:45  Factory  
  65  5:46  Factory  
  66  5:51  SCV  
  66  5:55  SCV  
  66  5:56  Hellion  
  70  6:00  Hellion  
  60  6:30  Orbital Command  
  55  6:36  Supply Depot, Starport Reactor  
  55  6:41  Supply Depot, Thor x2  
  55  6:42  Hellion x2  
  71  6:52  SCV  
  72  7:00  Infernal Pre-Igniter, Orbital Command  
  70  7:02  Terran Vehicle And Ship Armor Level 1, Terran Vehicle Weapons Level 1  
  70  7:04  Hellion, SCV  
  73  7:09  Refinery  
  73  7:11  SCV  
  73  7:12  Thor x2  
  74  7:16  SCV  
  74  7:17  Hellion  
  74  7:18  Medivac x2  
  81  7:23  SCV, Supply Depot  
  81  7:25  SCV  
  81  7:29  SCV, Refinery  
  84  7:32  Siege Tank  
  84  7:33  Hellion  
  84  7:35  SCV  
  90  7:39  Siege Tank  
  90  7:41  SCV  
  94  7:59  Hellion x2  
  94  8:00  SCV x2  
  94  8:01  Viking  
  94  8:02  Viking  
  94  8:03  SCV  
  94  8:04  Siege Tank  
  108  8:05  Engineering Bay  
  108  8:12  SCV  
  105  8:15  Factory x2, Siege Tank  
  108  8:21  SCV  
  108  8:24  SCV  
  108  8:25  SCV  
  107  8:31  Hellion x2  
  107  8:33  SCV, Smart Servos  
  104  8:37  SCV  
  104  8:40  SCV  
  106  8:43  Siege Tank  
  106  8:47  Supply Depot  
  109  8:52  Supply Depot  
  109  8:53  Supply Depot  
  109  8:54  Command Center  
  109  8:59  Factory Tech Lab, Factory Reactor  
  109  9:01  Terran Vehicle And Ship Armor Level 2, Terran Vehicle Weapons Level 2  
  109  9:09  SCV x2, Siege Tank  
  114  9:15  Siege Tank  
  114  9:17  Hellion x2  
  121  9:23  Supply Depot  
  121  9:24  SCV, Supply Depot  
  121  9:25  SCV x2  
  121  9:26  Siege Tank  
  121  9:28  Viking x2  
  131  9:37  SCV x2  
  133  9:44  SCV, Siege Tank  
  133  9:45  Hellion x2  
  141  9:46  Hellion x2  
  141  9:50  Supply Depot  
  141  9:51  Supply Depot  
  129  10:02  Hellion, Siege Tank  
  129  10:06  Hellion  
  136  10:10  Supply Depot  
  134  10:16  Hellion, Siege Tank  
  134  10:17  Hellion x2  
  134  10:18  Viking  
  134  10:19  Viking  
  141  10:32  Siege Tank  
  141  10:33  Hellion  
  141  10:34  Siege Tank  
  147  10:38  Hellion  
  147  10:42  Orbital Command  
  146  10:43  Refinery x2  
  146  10:48  Viking  
  146  10:49  Viking  
  145  10:55  Siege Tank  
  145  10:56  Hellion x2  
  150  11:10  Siege Tank  
  150  11:11  Hellion x2  
  146  11:18  Viking x2  
  146  11:24  Hellion x2, Siege Tank  
  150  11:31  Siege Tank  
  150  11:32  Hellion  
  145  11:55  Siege Tank  
  145  11:56  Hellion x3  
  145  12:01  Siege Tank  
  121  12:20  Hellion, Siege Tank  
  105  12:32  Siege Tank  
Show
View Real Time Build Order
Export as new Build Order

Chendar Zerg - Winner!

Build Orders: Hatch First, Swarm Host 

Get SALT Encoding   

  12  0:00  Drone  
  13  0:12  Overlord  
  13  0:17  Drone  
  14  0:31  Drone x2  
  14  0:34  Drone  
  17  0:49  Drone  
  18  0:56  Hatchery  
  17  1:01  Drone  
  18  1:05  Extractor  
  17  1:12  Drone  
  18  1:18  Spawning Pool  
  18  1:21  Drone  
  18  1:32  Drone  
  19  1:39  Drone  
  20  1:50  Overlord  
  20  2:09  Metabolic Boost, Overlord  
  20  2:10  Queen x2  
  20  2:12  Zergling x2  
  20  2:15  Zergling x2  
  26  2:21  Drone  
  27  2:23  Drone  
  27  2:32  Drone  
  27  2:33  Drone  
  29  2:40  Drone  
  30  2:47  Queen  
  30  2:48  Queen  
  34  2:52  Drone  
  34  2:54  Drone  
  34  2:56  Drone  
  37  3:05  Drone x2  
  39  3:14  Drone  
  39  3:16  Drone  
  41  3:21  Drone x3  
  43  3:34  Overlord x2  
  43  3:43  Hatchery  
  42  3:49  Queen  
  42  3:51  Queen  
  42  3:54  Drone x2  
  47  3:58  Zergling x8  
  51  4:10  Drone x2  
  51  4:11  Drone x2  
  51  4:12  Baneling Nest, Overlord x2  
  54  4:25  Queen  
  54  4:27  Queen  
  54  4:29  Zergling x4  
  54  4:31  Overlord x2  
  60  4:42  Drone x3, Extractor  
  60  4:44  Drone x2  
  64  4:50  Drone  
  65  4:55  Drone x2  
  65  4:56  Drone x2  
  65  5:11  Drone x5  
  65  5:12  Drone  
  65  5:14  Lair  
  69  5:16  Queen  
  71  5:21  Drone x2  
  71  5:22  Drone  
  71  5:26  Drone x2  
  71  5:27  Drone x2  
  78  5:32  Drone x2, Extractor  
  78  5:35  Extractor  
  78  5:38  Overlord x2  
  77  5:44  Extractor  
  77  5:47  Zergling x4  
  77  5:48  Zergling x4  
  76  5:52  Drone x3, Spore Crawler  
  76  5:58  Spore Crawler  
  76  6:04  Zergling x10  
  73  6:24  Drone x2  
  73  6:25  Drone  
  76  6:28  Drone x3  
  76  6:29  Drone x3  
  76  6:30  Drone x3  
  85  6:34  Drone x4  
  85  6:35  Extractor  
  88  6:41  Roach Warren  
  88  6:45  Centrifical Hooks, Hydralisk Den  
  87  6:47  Hatchery  
  87  6:48  Drone x2  
  87  7:03  Drone x3, Overlord x2  
  90  7:09  Hatchery  
  90  7:12  Overlord x2  
  89  7:18  Infestation Pit  
  88  7:29  Hydralisk x3  
  87  7:30  Hydralisk x8  
  87  7:36  Muscular Augments  
  107  7:38  Zergling x8  
  107  7:43  Hydralisk  
  110  7:46  Zergling x6  
  110  7:50  Zergling x6  
  118  7:56  Zergling x6  
  121  8:01  Drone x2  
  121  8:02  Swarm Host, Evolution Chamber  
  121  8:03  Swarm Host, Evolution Chamber  
  127  8:07  Swarm Host  
  127  8:08  Swarm Host x2  
  136  8:14  Zergling x4  
  136  8:15  Swarm Host x2  
  139  8:31  Swarm Host x3  
  139  8:33  Overlord x6  
  145  8:35  Zergling x2  
  146  8:41  Overlord x2  
  146  8:42  Overlord  
  146  8:44  Zerg Missile Weapons Level 1  
  146  8:47  Zerg Ground Armor Level 1  
  146  8:50  Drone x3  
  149  8:57  Drone x3  
  149  8:58  Drone x4  
  156  9:12  Overseer  
  156  9:13  Overseer  
  156  9:18  Baneling  
  156  9:19  Baneling x10  
  156  9:25  Hatchery  
  156  9:29  Hive  
  155  9:31  Extractor x2  
  155  9:33  Drone x4  
  155  9:34  Drone x2  
  159  9:49  Extractor  
  159  9:52  Extractor  
  157  10:02  Swarm Host x2  
  157  10:03  Swarm Host x8  
  184  10:15  Zergling x4  
  184  10:16  Zergling x26  
  199  10:21  Overlord x2  
  199  10:22  Overlord  
  199  10:23  Pneumatized Carapace  
  199  10:39  Drone, Spire  
  197  11:06  Baneling  
  197  11:07  Baneling x12, Overlord  
  197  11:08  Overlord x2  
  192  11:23  Zergling x2  
  192  11:24  Zergling x26  
  200  11:34  Ultralisk Cavern  
  191  12:08  Zergling x4  
  189  12:09  Zergling x20  
  177  12:26  Hydralisk x10  
  175  12:39  Hydralisk x5  
  175  12:40  Hydralisk x8  
  195  12:48  Hydralisk  
  195  12:49  Hydralisk x2  
  180  12:56  Hydralisk x3  
  173  12:59  Hydralisk x2  
  173  13:00  Hydralisk x2  
Tags
 
Add a new tag
Caveats
  • Supply blocks, unpowered buildings, or Contaminate may cause inaccurate times.
  • Supply counts are checked every 10 seconds.